 Dungeon Crawl Stone Soup version 0.30-a0-777-ga9a30cbeda (webtiles) character file.

Game seed: 10786928974256550100

601 retardedninja the Shield-Bearer (level 7, -1/44 HPs)
             Began as a Gargoyle Fighter on Feb 14, 2023.
             Slain by an ogre
             ... wielding a +0 giant club
              (25 damage)
             ... on level 4 of the Dungeon.
             The game lasted 00:06:34 (3823 turns).

retardedninja the Shield-Bearer (Gargoyle Fighter)  Turns: 3823, Time: 00:06:35

Health: -1/44      AC: 15    Str: 22    XL:     7   Next: 41%
Magic:  7/7        EV:  4    Int:  8    God:
Gold:   155        SH: 12    Dex:  9    Spells: 6/6 levels left

rFire   . . .      SeeInvis .    q - +2 flail (holy)
rCold   . . .      Faith    .    r - +0 tower shield
rNeg    + . .      Spirit   .    i - +0 chain mail
rPois   ∞          Reflect  .    (no helmet)
rElec   +          Harm     .    (no cloak)
rCorr   .          Rampage  .    (no gloves)
Will    .....                    a - +0 pair of boots Stlth
                                 (no amulet)
HPRegen 0.27/turn                (no ring)
MPRegen 0.10/turn                (no ring)

@: no status effects
A: sickness immunity, AC +4, negative energy resistance 1, electricity
resistance, torment resistance 1, petrification resistance
a: no special abilities


You were on level 4 of the Dungeon.
You visited 1 branch of the dungeon, and saw 4 of its levels.
You also visited: Sewer.

You collected 218 gold pieces.
You spent 63 gold pieces at shops.

Inventory:

Hand Weapons
 q - a +2 flail of holy wrath (weapon)
Armour
 a - a +0 pair of boots (worn)
 i - a +0 chain mail (worn)
 r - a +0 tower shield (worn)
Wands
 p - a wand of digging (2)
Scrolls
 b - a scroll of magic mapping {unknown}
 d - a scroll of vulnerability {unknown}
 g - a scroll of teleportation {unknown}
 m - 2 scrolls of enchant armour {unknown}
 o - 2 scrolls of blinking {unknown}
Potions
 c - 2 potions of cancellation
 e - a potion of mutation {unknown}
 f - 5 potions of curing
 j - a potion of magic
 k - a potion of lignification {unknown}
 l - 2 potions of ambrosia {unknown}
 n - a potion of invisibility {unknown}
 s - 3 potions of degeneration {unknown}
 t - a potion of attraction {unknown}
 u - a potion of brilliance {unknown}
 v - 2 potions of haste


   Skills:
 + Level 5.3 Fighting
 + Level 4.3 Maces & Flails
 + Level 5.3 Armour
 + Level 5.3 Shields


You had 6 spell levels left.
You didn't know any spells.
Your spell library contained the following spells:

 Spells                   Type           Power      Damage    Failure   Level
 Foxfire                  Conj/Fire      0%         2x1d4     100%        1
 Shock                    Conj/Air       0%         1d3       100%        1
 Swiftness                Air            0%         N/A       100%        3
 Airstrike                Air            0%         2d(0-16)  100%        4
 Fireball                 Conj/Fire      0%         3d3       100%        5
 Starburst                Conj/Fire      0%         6d3       100%        6


Dungeon Overview and Level Annotations

Branches:
Dungeon (4/15)              Sewer (visited)
 Temple: D:4-7

Altars:
Yredelemnul

Shops:
D:3 [


Innate Abilities, Weirdness & Mutations

You are immune to sickness and miasma.
Your stone body is resilient. (AC +4)
You are immune to poison.
You resist negative energy. (rN+)
You are resistant to electric shocks. (rElec)
You are resistant to unholy torment.
You are immune to petrification.


Message History

The orc is severely wounded.
You block the orc's attack.
You sock the orc!
You kill the orc!
No target in view!
No target in view!
Found a leather armour.
Key pressed, stopping explore.
No target in view!
You now have 155 gold pieces (gained 13).
o - 2 scrolls labelled IZEYGO GANNOEK (gained 1) Key pressed, stopping explore.
No target in view!
Key pressed, stopping explore.
No target in view!
f - 6 potions of curing (gained 1) Key pressed, stopping explore.
An ogre comes into view. It is wielding a +0 giant club.
The ogre shouts!
An ogre is nearby!
An ogre is nearby!
An ogre is nearby!
The ogre barely misses you.
You barely miss the ogre. You block the ogre's attack.
You thump the ogre!
The ogre is moderately wounded.
The ogre hits you with a +0 giant club!
You barely miss the ogre.
The ogre is moderately wounded.
The gnoll shouts!
The ogre hits you with a +0 giant club!!
You closely miss the ogre.
The ogre is moderately wounded.
The gnoll drinks a potion.
The gnoll seems to speed up.
You block the ogre's attack.
You feel better.
The gnoll hits you from afar with a +0 spear.
The ogre hits you with a +0 giant club!!
Ouch! That really hurt!
You die...

..# ##.....## ..##
###...[..#
...###........#
...##.........#
##...#..........#
#...###.........#
###..# ########..#
###..O.# #..#
.#....@## #..#
.#..g...## ##.#
#######.#..##...##
#..# #.........#
###..## #..#
#.[).#.. ##..##
###..# #<.[#...#
##..#####....#
#..#....#
#.........###
#..####..#
##....##### ....#
.# ##.###


You could see an ogre and a gnoll (fast).

Vanquished Creatures
  A steam dragon (D:4)
  A phantom (D:4)
  A kobold brigand (Sewer)
  An orc priest (D:4)
  A gnoll bouda (D:3)
  2 orc wizards
  Robin (D:2)
  4 adders
  2 gnolls (D:3)
  2 worms (D:4)
  18 orcs
  6 bats
  6 endoplasms
  6 giant cockroaches
  14 goblins
  8 hobgoblins
  6 jackals
  24 kobolds
  6 ball pythons
  4 frilled lizards
  4 rats
118 creatures vanquished.

Notes
Turn   | Place    | Note
-------+----------+-------------------------------------------
     0 | D:1      | retardedninja the Gargoyle Fighter began the quest for the
                  | Orb.
     0 | D:1      | Reached XP level 1. HP: 14/14 MP: 1/1
   207 | D:1      | Reached XP level 2. HP: 14/19 MP: 2/2
   878 | D:2      | Found a basalt altar of Yredelemnul.
   892 | D:2      | Reached XP level 3. HP: 23/23 MP: 3/3
  1375 | D:2      | Noticed Robin
  1379 | D:2      | Killed Robin
  1387 | D:2      | Reached XP level 4. HP: 24/29 MP: 4/4
  1668 | D:3      | Found the +5 robe of Misfortune {Harm *Corrode *Slow EV+5}
  2019 | D:3      | Found Ufoepyxo's Armour Shoppe.
  2043 | D:3      | Identified the +7 hand axe of the Hall of Blades {venom,
                  | rN+}
  2118 | D:3      | Reached XP level 5. HP: 22/33 MP: 5/5
  2401 | D:3      | Bought a +0 tower shield for 63 gold pieces
  2866 | D:4      | Found a glowing drain.
  2896 | Sewer    | Entered a sewer
  3044 | Sewer    | Reached XP level 6. HP: 39/39 MP: 6/6
  3244 | D:4      | Noticed a steam dragon
  3259 | D:4      | Killed a steam dragon
  3260 | D:4      | Reached skill level 5 in Fighting
  3260 | D:4      | Reached skill level 5 in Armour
  3260 | D:4      | Reached skill level 5 in Shields
  3260 | D:4      | Reached XP level 7. HP: 35/44 MP: 7/7
  3823 | D:4      | Slain by an ogre

Illustrated notes

Levels and vault maps discovered:
D:1:      lemuel_arrival_behind_the_door_small, layout_loops_ring,
          serial_rivers, chequers_serial_rivers_micro_c,
          chequers_serial_rivers_marsh, chequers_serial_rivers_micro_a,
          chequers_serial_rivers_large_a, chequers_serial_rivers_room_b,
          corexii_item_surrounded_by_moat
D:2:      layout_loops_ring, basic_altar, due_unseen_surprise, uniq_robin
D:3:      layout_basic, serial_shops, nicolae_shop_hallway_stairs
D:4:      layout_layer_cave, cheibrodos_sewer_entry_bend

Skill      XL: |  1  2  3  4  5  6 |
---------------+-------------------+-----
Fighting       | 4 5 |  5.3
Armour         | 4 5 |  5.3
Shields        | 4 5 |  5.3
Maces & Flails | 3 4 |  4.3

Action                     |  1- 3 |  4- 6 |  7- 9 || total
---------------------------+-------+-------+-------++-------
  Melee: Flail             |   106 |   225 |    70 ||   401
  Evoke: Wand              |       |     1 |       ||     1
    Use: Potion            |     1 |     5 |     1 ||     7
         Scroll            |       |     2 |       ||     2
 Armour: Scale mail        |     9 |       |       ||     9
         Chain mail        |    54 |   172 |    87 ||   313
  Dodge: Dodged            |    44 |    58 |    21 ||   123
  Block: Buckler           |    28 |       |       ||    28
         Kite shield       |     7 |    56 |       ||    63
         Tower shield      |       |   132 |    95 ||   227

Table legend: (Time is in decaauts)
 A = Elapsed time spent in this place.
 B = Non-inter-level travel time spent in this place.
 C = Inter-level travel time spent in this place.
 D = Time resting spent in this place.
 E = Time spent auto-exploring this place.
 F = Levels seen in this place.
 G = Mean time per level.
                   A        B        C        D        E       F      G
               +--------+--------+--------+--------+--------+-----+--------+
         Total |   4073 |   3800 |    273 |    387 |   2272 |   5 |  814.6 |
       Dungeon |   3742 |   3469 |    273 |    387 |   2104 |   4 |  935.5 |
         Sewer |    330 |    330 |      0 |      0 |    168 |   1 |  330.0 |
               +--------+--------+--------+--------+--------+-----+--------+

Top non-repeatable levels by time:
     D:3: 1120 daAuts
     D:1: 951 daAuts
     D:2: 847 daAuts
     D:4: 823 daAuts
   Sewer: 330 daAuts
